 Dungeon Crawl Stone Soup version 0.30-a0-802-gb92711bcdf (webtiles) character file.

Game seed: 13842322861240907466

1316 Pooter the Digger (level 8, -6/67 HPs)
             Began as a Troll Earth Elementalist on Feb 22, 2023.
             Mangled by an ice beast (12 damage)
             ... on level 5 of the Dungeon on Feb 25, 2023.
             The game lasted 00:44:22 (5598 turns).

Pooter the Digger (Troll Earth Elementalist)        Turns: 5598, Time: 00:44:23

Health: -6/67      AC:  4    Str: 19    XL:     8   Next: 33%
Magic:  11/11      EV:  9    Int: 11    God:
Gold:   225        SH:  0    Dex: 10    Spells: 6/12 levels left

rFire   . . .      SeeInvis .      - Unarmed
rCold   . . .      Faith    .    (no shield)
rNeg    . . .      Spirit   .    z - +0 robe
rPois   .          Reflect  .    (helmet restricted)
rElec   .          Harm     .    (no cloak)
rCorr   .          Rampage  .    (gloves unavailable)
Will    .....                    (boots unavailable)
Stlth   +                        (no amulet)
HPRegen 1.11/turn                (no ring)
MPRegen 0.12/turn                (no ring)

@: no status effects
A: large, unfitting armour, claws 3, regeneration 1, shaggy fur 1, tough skin 1
a: no special abilities


You were on level 5 of the Dungeon.
You visited 1 branch of the dungeon, and saw 6 of its levels.

You collected 225 gold pieces.

Inventory:

Hand Weapons
 b - a +0 sling
   (You took it off a goblin on level 2 of the Dungeon)
 h - a +2 dagger of draining
   (You took it off a goblin on level 2 of the Dungeon)
 p - a +0 battleaxe
   (You found it on level 2 of the Dungeon)
 q - a +0 war axe
   (You took it off an orc on level 2 of the Dungeon)
 t - a +0 spear
   (You found it on level 3 of the Dungeon)
 u - the +1 whip of Brawling {flame, rN+ Stlth+}
   (You found it on level 4 of the Dungeon)

   rN:        It protects you from negative energy.
   Stlth:     It makes you more stealthy.
 x - a +3 vampiric whip
   (You took it off a kobold on level 4 of the Dungeon)
Missiles
 s - 6 javelins
 w - a throwing net {!f}
 B - 8 large rocks
 E - 8 boomerangs (quivered)
 Q - 54 stones
Armour
 z - a +0 robe (worn)
Wands
 m - a wand of polymorph (5)
   (You took it off Terence on level 2 of the Dungeon)
Scrolls
 a - a scroll of torment {unknown}
 c - 2 scrolls of fear {unknown}
 d - 2 scrolls of enchant weapon
 g - 3 scrolls of magic mapping
 i - a scroll of poison {unknown}
 j - a scroll of vulnerability {!r}
 k - a scroll of amnesia {unknown}
 n - 2 scrolls of immolation {!r}
 y - 2 scrolls of butterflies {unknown}
 C - a scroll of fog {unknown}
 F - a scroll of noise {unknown}
Potions
 e - 3 potions of mutation {!q}
 f - a potion of lignification {unknown}
 l - 2 potions of haste {unknown}
 o - a potion of magic
 r - a potion of might {unknown}
 v - a potion of heal wounds {@q2}
 A - a potion of ambrosia {unknown}
 D - a potion of brilliance {unknown}


   Skills:
 + Level 1.1 Throwing
 - Level 1.7 Dodging
 - Level 1.1 Stealth
 + Level 4.1 Unarmed Combat
 + Level 2.9 Spellcasting
 + Level 3.8 Conjurations
 - Level 1.0 Transmutations
 * Level 2.2 Fire Magic
 + Level 4.9 Earth Magic


You had 6 spell levels left.
You knew the following spells:

 Your Spells              Type           Power      Damage    Failure   Level
a - Sandblast             Erth           24%        2d8       3%          1
b - Stone Arrow           Conj/Erth      22%        3d8       13%         3
c - Scorch                Fire           12%        2d6       16%         2

Your spell library contained the following spells:

 Spells                   Type           Power      Damage    Failure   Level
 Passwall                 Tmut/Erth      6%         N/A       12%         2
 Flame Wave               Conj/Fire      8%         2d5       58%         4
 Petrify                  Tmut/Erth      8%         N/A       58%         4
 Ozocubu's Armour         Ice            1%         N/A       63%         3
 Leda's Liquefaction      Hex/Erth       3%         N/A       67%         4
 Lee's Rapid Deconstruct  Erth           6%         3d6*      67%         5
 Statue Form              Tmut/Erth      5%         N/A       100%        6
 Summon Cactus Giant      Summ           0%         N/A       100%        6
 Ozocubu's Refrigeration  Ice            0%         4d7       100%        7


Dungeon Overview and Level Annotations

Branches:
Dungeon (6/15)
 Temple: D:4-7

Altars:

Shops:
D:5 *

Annotations:
D:2 1 runed translucent door, Crazy Yiuf
D:4 1 runed translucent door, oldplebian's ghost, amateur MiBe
D:6 Prince Ribbit


Innate Abilities, Weirdness & Mutations

You are too large for most types of armour.
You have claws for hands.
Your natural rate of healing is unusually fast.
You are covered in fur. (AC +1)
You have tough skin. (AC +1)


Message History

Nothing appears to happen.
Something hits you. Something shocks you.
You closely miss something. Something hits you. Something shocks you.
* * * LOW HITPOINT WARNING * * *
You miss something. Something hits you but does no damage.
You scratch something.
Reactivating autopickup.
You feel a bit more experienced.
Your Unarmed Combat skill increases to level 4!
Your Fire Magic skill increases to level 2!
You start resting.
You start waiting.
Done waiting.
You climb downwards.
Level annotation: Prince Ribbit The ice beast hits you but does no damage. x2
There is a stone staircase leading up here.
The ice beast hits you. The ice beast freezes you!
The ice beast barely misses you.
You climb upwards.
There is a stone staircase leading down here.
You scratch the ice beast. The ice beast barely misses you.
The ice beast hits you. The ice beast freezes you!
You scratch the ice beast. The ice beast hits you. The ice beast freezes you.
The ice beast closely misses you.
You claw the ice beast! The ice beast barely misses you.
The ice beast hits you. The ice beast freezes you.
You scratch the ice beast.
The ice beast hits you but does no damage.
The ice beast hits you.
* * * LOW HITPOINT WARNING * * *
The ice beast freezes you!
* * * LOW HITPOINT WARNING * * *
You claw the ice beast!
You kill the ice beast!
The ice beast hits you.
* * * LOW HITPOINT WARNING * * *
The ice beast freezes you!
* * * LOW HITPOINT WARNING * * *
Your Throwing skill increases to level 1!
You scratch the ice beast.
The ice beast hits you but does no damage.
You barely miss the ice beast. The ice beast hits you.
* * * LOW HITPOINT WARNING * * *
The ice beast freezes you!
You die...

##.......## #.........#
#.........# #.........#
#.........#######
#.........#.....#
##.......##.....###
#.Y...).).#.....#.. ###
#†@.....).#........ ..######
#.......).#.....#.. #......#
#.......[.#.#####.. ######.#
#...........# #..
#.#########..........#####..
#.....................).##..
##
###########...#######.#.##..
.# #..<....##.....#......#
.######
#.#####.##.♣...#..##..#


You could see an ice beast.

Vanquished Creatures
  The ghost of tarna41 the Sneak, a novice SpCj of Hepliaklqana (D:5)
  A sky beast (D:5)
  A black bear (D:4)
  2 ice beasts
  An ogre (D:4)
  A howler monkey (D:4)
  3 hounds (D:4)
  A jelly (D:5)
  2 orc priests
  2 iguanas
  Jessica (D:2)
  4 orc wizards
  Terence (D:2)
  3 gnolls (D:4)
  10 adders
  A white imp (D:5)
  2 worms
  4 dart slugs
  19 orcs
  7 bats
  8 endoplasms
  3 giant cockroaches
  4 goblins
  9 hobgoblins
  12 jackals
  9 kobolds
  2 quokkas
  6 ball pythons
  2 frilled lizards
  3 rats
125 creatures vanquished.

Notes
Turn   | Place    | Note
-------+----------+-------------------------------------------
     0 | D:1      | Pooter the Troll Earth Elementalist began the quest for the
                  | Orb.
     0 | D:1      | Reached XP level 1. HP: 16/16 MP: 1/1
    74 | D:1      | Reached XP level 2. HP: 24/24 MP: 0/2
   348 | D:1      | Reached skill level 1 in Transmutations
   418 | D:1      | Reached XP level 3. HP: 31/31 MP: 0/4
   591 | D:1      | Learned a level 3 spell: Stone Arrow
   817 | D:1      | Reached skill level 1 in Unarmed Combat
   958 | D:2      | You fall into a shaft and drop 1 floor!
  1301 | D:2      | Found a runed translucent door.
  1302 | D:2      | Noticed Crazy Yiuf
  1324 | D:2      | Noticed Terence
  1516 | D:2      | Reached XP level 4. HP: 39/39 MP: 3/5
  1537 | D:2      | Noticed Jessica
  1547 | D:2      | Killed Jessica
  1548 | D:2      | Reached skill level 1 in Conjurations
  1612 | D:2      | Killed Terence
  2023 | D:3      | Reached XP level 5. HP: 24/45 MP: 2/6
  2535 | D:3      | Noticed an ice beast
  2555 | D:3      | HP: 2/45 [ice beast (11)]
  2556 | D:3      | Killed an ice beast
  3006 | D:4      | Identified the +1 whip of Brawling {flame, rN+ Stlth+}
  3015 | D:4      | Reached XP level 6. HP: 24/53 MP: 8/8
  3235 | D:4      | Reached XP level 7. HP: 38/59 MP: 5/9
  3405 | D:4      | Upgraded the game from 0.30-a0-800-g7c544603b3 to
                  | 0.30-a0-802-gb92711bcdf
  3602 | D:4      | Learned a level 2 spell: Scorch
  3794 | D:4      | Found a runed translucent door.
  3806 | D:4      | Noticed oldplebian's ghost (amateur MiBe)
  4152 | D:5      | Entered Level 5 of the Dungeon
  4251 | D:5      | Found a runed translucent gate.
  4252 | D:5      | Found a runed translucent gate.
  4253 | D:5      | Found a runed translucent gate.
  4259 | D:5      | Noticed tarna41's ghost (novice SpCj)
  4298 | D:5      | HP: 1/59 [tarna41's ghost/magic dart (5)]
  4300 | D:5      | Killed tarna41's ghost
  4301 | D:5      | Reached skill level 1 in Fire Magic
  4378 | D:5      | Reached XP level 8. HP: 66/67 MP: 9/11
  4546 | D:5      | Found Bathraiph's Assorted Antiques.
  5444 | D:6      | Noticed Prince Ribbit
  5597 | D:5      | Reached skill level 1 in Throwing
  5598 | D:5      | Mangled by an ice beast

Illustrated notes

Levels and vault maps discovered:
D:1:      amcnicky_arrival_blooded_trapdoor, layout_basic
D:2:      layout_basic, uniq_terence, uniq_jessica, uniq_crazy_yiuf_cottage
D:3:      layout_basic
D:4:      layout_basic, ebering_ghost_inner_flame
D:5:      layout_rooms, ebering_ghost_rock_garden, serial_shops,
          nicolae_take_the_stairs
D:6:      layout_basic, nicolae_qazlal_eye_of_the_storm, nrook_campfire,
          uniq_prince_ribbit1, uniq_grinder, uniq_sigmund

Skill      XL: |  1  2  3  4  5  6  7  8 |
---------------+-------------------------+-----
Earth Magic    | 3 4 |  4.9
Transmutations | 1 |  1.0
Unarmed Combat | 1 2 3 4 |  4.1
Conjurations   | 1 2 3 |  3.8
Spellcasting   | 2 |  2.9
Fire Magic     | 1 2 |  2.2
Throwing       | 1 |  1.1
Dodging        | |  1.7
Stealth        | |  1.1

Action                     |  1- 3 |  4- 6 |  7- 9 || total
---------------------------+-------+-------+-------++-------
  Melee: Unarmed           |    53 |    90 |   119 ||   262
         Battleaxe         |       |    29 |     7 ||    36
         Punch             |       |     2 |       ||     2
   Fire: Sling             |    22 |    46 |    35 ||   103
  Throw: Stone             |     6 |       |       ||     6
         Javelin           |       |       |    17 ||    17
         Large rock        |       |       |     3 ||     3
   Cast: Sandblast         |    53 |    23 |    24 ||   100
         Stone Arrow       |       |       |     8 ||     8
  Evoke: Wand              |       |       |     2 ||     2
    Use: Potion            |     1 |     1 |     2 ||     4
         Scroll            |     4 |     2 |       ||     6
   Stab: Sleeping          |       |       |     1 ||     1
 Armour: Robe              |    32 |    58 |    53 ||   143
  Dodge: Dodged            |    32 |    91 |    64 ||   187

Table legend: (Time is in decaauts)
 A = Elapsed time spent in this place.
 B = Non-inter-level travel time spent in this place.
 C = Inter-level travel time spent in this place.
 D = Time resting spent in this place.
 E = Time spent auto-exploring this place.
 F = Levels seen in this place.
 G = Mean time per level.
                   A        B        C        D        E       F      G
               +--------+--------+--------+--------+--------+-----+--------+
         Total |   5682 |   5479 |    203 |   1804 |   2380 |   6 |  947.0 |
       Dungeon |   5682 |   5479 |    203 |   1804 |   2380 |   6 |  947.0 |
               +--------+--------+--------+--------+--------+-----+--------+

Top non-repeatable levels by time:
     D:4: 1415 daAuts
     D:3: 1214 daAuts
     D:5: 1194 daAuts
     D:1: 952 daAuts
     D:2: 897 daAuts
     D:6: 7 daAuts
